 Dungeon Crawl Stone Soup version 0.29-a0-559-g359e09b9d1 (webtiles) character file.

Game seed: 16877325622052540766

963 dohliylev the Ruffian (level 7, 0/68 HPs)
             Began as a Troll Warper on June 10, 2022.
             Was a Priest of Ignis.
             Slain by gabibbone's ghost (10 damage)
             ... on level 5 of the Dungeon.
             The game lasted 00:10:49 (3812 turns).

dohliylev the Ruffian (Troll Warper)                Turns: 3812, Time: 00:10:49

Health: 0/68       AC: 15    Str: 22    XL:     7   Next: 92%
Magic:  8/8        EV: 10    Int:  9    God:    Ignis [***...]
Gold:   192        SH:  0    Dex:  9    Spells: 6/8 levels left

rFire   . . .      SeeInvis .     - Unarmed
rCold   + . .      Faith    .   (no shield)
rNeg    . . .      Spirit   .   i - +2 robe {Archmagi}
rPois   .          Reflect  .   (helmet restricted)
rElec   .          Harm     .   w - +1 cloak
rCorr   .          Rampage  .   (gloves unavailable)
Will    .....      Archmagi +   (boots unavailable)
Stlth   +.........              (no amulet)
HPRegen 1.01/turn               r - ring of wizardry
MPRegen 0.11/turn               q - ring of ice

@: fiery-armoured
A: large, unfitting armour, claws 3, regeneration 1, shaggy fur 1, tough skin 1
a: Renounce Religion, Fiery Armour, Foxfire Swarm, Rising Flame


You were on level 5 of the Dungeon.
You worshipped Ignis.
Ignis was most pleased with you.
You visited 1 branch of the dungeon, and saw 6 of its levels.

You collected 192 gold pieces.

Inventory:

Missiles
 c - 7 boomerangs of dispersal
 g - 12 poisoned darts (quivered)
 t - 5 datura-tipped darts
 y - 5 javelins
Armour
 i - a +2 robe of the Archmagi (worn)
 l - a +1 tower shield of protection
 w - a +1 cloak (worn)
Jewellery
 q - a ring of ice (right claw)
 r - a ring of wizardry (left claw)
 z - a +6 ring of strength
Scrolls
 b - a scroll of blinking
 d - 2 scrolls of identify {unknown}
 e - a scroll of torment {unknown}
 f - 3 scrolls of magic mapping {unknown}
 h - 3 scrolls of vulnerability {unknown}
 j - a scroll of fear {unknown}
 o - 7 scrolls of teleportation {unknown}
Potions
 a - a potion of berserk rage {unknown}
 k - a potion of heal wounds {unknown}
 m - 4 potions of might {unknown}
 n - a potion of flight {unknown}
 p - a potion of magic {unknown}
 s - a potion of resistance {unknown}
 u - a potion of haste {unknown}
 v - a potion of lignification {unknown}
 x - a potion of mutation {unknown}


   Skills:
 * Level 3.8 Fighting
 + Level 1.3 Throwing
 + Level 3.8 Dodging
 + Level 6.6 Unarmed Combat
 + Level 1.4 Spellcasting
 + Level 2.5 Translocations


You had 6 spell levels left.
You knew the following spells:

 Your Spells              Type           Power      Damage    Failure   Level
a - Blink                 Tloc           14%        N/A       8%          2

Your spell library contained the following spells:

 Spells                   Type           Power      Damage    Failure   Level
 Gell's Gravitas          Tloc           7%         N/A       16%         3
 Lesser Beckoning         Tloc           7%         N/A       16%         3
 Teleport Other           Tloc           7%         N/A       16%         3
 Ensorcelled Hibernation  Hex/Ice        2%         N/A       21%         2
 Passwall                 Tmut/Erth      0%         N/A       21%         2
 Portal Projectile        Hex/Tloc       8%         N/A       26%         3
 Swiftness                Air            0%         N/A       38%         3
 Tukima's Dance           Hex            0%         N/A       38%         3
 Corpse Rot               Necr/Pois/Air  0%         N/A       77%         4
 Dispel Undead            Necr           0%         3d6       77%         4
 Manifold Assault         Tloc           7%         N/A       77%         5
 Blade Hands              Tmut           0%         N/A       98%         5
 Death Channel            Necr           0%         N/A       100%        6


Dungeon Overview and Level Annotations

Branches:
Dungeon (6/15)             Temple (0/1) D:6

Altars:
Ignis

Shops:
D:2 *

Annotations:
D:5 1 transporter, gabibbone's ghost, novice OgNe


Innate Abilities, Weirdness & Mutations

You are too large for most types of armour.
You have claws for hands.
Your natural rate of healing is unusually fast.
You are covered in fur. (AC +1)
You have tough skin. (AC +1)


Message History

Press: ? - help, Q - select action, (/) - cycle Shift-Dir - straight line, f - ogre
Aim: an ogre, wielding a +3 giant spiked club (71% to hit)
You throw a poisoned dart. The poisoned dart hits the ogre.
You scratch the ogre.
The ogre is moderately wounded.
The ogre closely misses you.
You scratch the ogre.
The ogre is heavily wounded.
Gabibbone's ghost shrieks, "You will never get the ORB!"
You scratch the ogre.
The ogre is severely wounded.
The ogre hits you with a +3 giant spiked club!!
The ogre is burned by your cloak of flames.
The ogre is almost dead.
You claw the ogre!
You kill the ogre!
You claw gabibbone's ghost!
Gabibbone's ghost is lightly damaged.
Gabibbone's ghost hits you!
Gabibbone's ghost is burned by your cloak of flames.
Gabibbone's ghost is lightly damaged.
You scratch gabibbone's ghost but do no damage.
Gabibbone's ghost is lightly damaged.
Gabibbone's ghost stares at you. Gabibbone's ghost hits you.
You scratch gabibbone's ghost but do no damage.
Gabibbone's ghost is lightly damaged.
Gabibbone's ghost hits you!
* * * LOW HITPOINT WARNING * * *
You completely miss gabibbone's ghost.
Gabibbone's ghost is lightly damaged.
Gabibbone's ghost hits you!
* * * LOW HITPOINT WARNING * * *
You barely miss gabibbone's ghost. Your claw misses gabibbone's ghost.
Gabibbone's ghost is lightly damaged.
Gabibbone's ghost hits you but does no damage.
You scratch gabibbone's ghost.
Gabibbone's ghost is moderately damaged.
Gabibbone's ghost hits you!
You die...

..#............#######....#......
###............#....##....#......
..##'###..########........#......
..........#.....©#..#######......
..........#.#..#.#..#......<.....
..........#..##..#..#............
..##......#..# ..#..'..........>.
..######.©#?#..#.##+#............
..........#)..(W@#>..............
.........©#.#..#.#...............
..........#..##..#...............
..........#..##..#...............
..........#.#..#.#...............
..........#......###......#######
#.####....########.#......# #
#.####...##....#...#......# #
#...#.....#....#...#......# #


You could see gabibbone's ghost.

Vanquished Creatures
  A water moccasin (D:5)
  3 ogres (D:5)
  3 scorpions (D:5)
  2 hounds (D:5)
  Crazy Yiuf (D:3)
  An orc priest (D:4)
  3 iguanas (D:5)
  An orc wizard (D:6)
  Robin (D:2)
  3 gnolls (D:5)
  7 adders
  An ufetubus (D:6)
  2 worms
  2 dart slugs
  6 orcs
  5 ball pythons
  5 bats
  6 endoplasms
  4 giant cockroaches
  20 goblins
  7 hobgoblins
  3 jackals (D:5)
  6 kobolds
  6 quokkas
  4 frilled lizards
  9 rats
112 creatures vanquished.

Vanquished Creatures (others)
  A foxfire (D:2)
1 creature vanquished.

Grand Total: 113 creatures vanquished

Notes
Turn   | Place    | Note
-------+----------+-------------------------------------------
     0 | D:1      | dohliylev the Troll Warper began the quest for the Orb.
     0 | D:1      | Reached XP level 1. HP: 19/19 MP: 1/1
   163 | D:1      | Reached XP level 2. HP: 26/28 MP: 3/3
   166 | D:1      | Learned a level 2 spell: Blink
   409 | D:1      | Found a faded altar of an unknown god.
   419 | D:1      | Reached skill level 1 in Throwing
   456 | D:1      | Prayed at the altar of an unknown god.
   456 | D:1      | Became a worshipper of Ignis, the Dying Flame
   621 | D:2      | Noticed Robin
   629 | D:2      | Reached XP level 3. HP: 35/35 MP: 4/4
   648 | D:2      | Killed Robin
   698 | D:2      | Found Folash's General Store.
   878 | D:2      | Reached XP level 4. HP: 38/42 MP: 5/5
  1343 | D:3      | Reached skill level 3 in Unarmed Combat
  1457 | D:3      | You fall into a shaft and drop 3 floors!
  1537 | D:6      | Found a staircase to the Ecumenical Temple.
  1692 | D:5      | Entered Level 5 of the Dungeon
  1705 | D:5      | Reached XP level 5. HP: 40/50 MP: 6/6
  1746 | D:5      | Found a transporter.
  1749 | D:5      | Noticed gabibbone's ghost (novice OgNe)
  1750 | D:5      | Noticed an ogre
  1769 | D:5      | Reached skill level 4 in Unarmed Combat
  1909 | D:5      | Noticed an ogre
  1945 | D:5      | Reached XP level 6. HP: 57/59 MP: 7/7
  2634 | D:3      | Found a runed translucent door.
  2635 | D:3      | Noticed Crazy Yiuf
  2644 | D:3      | Killed Crazy Yiuf
  2645 | D:3      | Reached skill level 5 in Unarmed Combat
  3320 | D:5      | Reached XP level 7. HP: 67/67 MP: 8/8
  3541 | D:5      | Reached skill level 6 in Unarmed Combat
  3797 | D:5      | Found a transporter.
  3812 | D:5      | Slain by gabibbone's ghost

Illustrated notes

Levels and vault maps discovered:
D:1:      tarquinn_simple_flora_water_f, layout_rooms,
          ebering_ecumenical_altar_webs
D:2:      layout_basic, serial_shops, nicolae_shop_stone, uniq_robin
D:3:      layout_basic, uniq_crazy_yiuf_cottage
D:4:      layout_loops_cross, corexii_hall_statues_l
D:5:      layout_gridville, gammafunk_ghost_smash
D:6:      layout_loops_corners, temple_doors_e, serial_shops, shop

Skill      XL: |  1  2  3  4  5  6  7 |
---------------+----------------------+-----
Dodging        | 2 3 |  3.8
Throwing       | 1 |  1.3
Fighting       | 2 3 |  3.8
Unarmed Combat | 3 4 5 6 |  6.6
Spellcasting   | |  1.4
Translocations | |  2.5

Action                   |  1- 3 |  4- 6 |  7- 9 || total
-------------------------+-------+-------+-------++-------
Melee: Unarmed           |    85 |   183 |    33 ||   301
       Punch             |       |     5 |     2 ||     7
Throw: Dart              |     3 |     1 |     8 ||    12
 Cast: Blink             |       |       |     1 ||     1
Invok: Foxfire Swarm     |     1 |       |       ||     1
       Fiery Armour      |     2 |     1 |     1 ||     4
Armor: Robe              |    61 |    60 |     5 ||   126
Dodge: Dodged            |    65 |    88 |     7 ||   160

Table legend: (Time is in decaauts)
 A = Elapsed time spent in this place.
 B = Non-inter-level travel time spent in this place.
 C = Inter-level travel time spent in this place.
 D = Time resting spent in this place.
 E = Time spent auto-exploring this place.
 F = Levels seen in this place.
 G = Mean time per level.
                   A        B        C        D        E       F      G
               +--------+--------+--------+--------+--------+-----+--------+
         Total |   3789 |   3677 |    112 |    141 |   2395 |   6 |  631.5 |
       Dungeon |   3789 |   3677 |    112 |    141 |   2395 |   6 |  631.5 |
               +--------+--------+--------+--------+--------+-----+--------+

Top non-repeatable levels by time:
     D:5: 865 daAuts
     D:3: 787 daAuts
     D:2: 784 daAuts
     D:4: 575 daAuts
     D:1: 542 daAuts
     D:6: 234 daAuts
